 Dungeon Crawl Stone Soup version 0.28.0-53-g5a82cb258f (webtiles) character file.

Game seed: 5206821987161346920

48 Sin92 the Skirmisher (level 3, -2/29 HPs)
             Began as a Demonspawn Fighter on June 7, 2022.
             Slain by a gnoll
             ... wielding a +0 halberd
              (3 damage)
             ... on level 2 of the Dungeon.
             The game lasted 00:01:02 (1042 turns).

Sin92 the Skirmisher (Demonspawn Fighter)           Turns: 1042, Time: 00:01:03

Health: -2/29      AC:  6    Str: 16    XL:     3   Next: 50%
Magic:  3/3        EV:  9    Int:  9    God:
Gold:   28         SH:  9    Dex: 14    Spells: 2/2 levels left

rFire   . . .      SeeInvis .   a - +0 trident
rCold   . . .      Faith    .   c - +0 buckler
rNeg    . . .      Spirit   .   b - +0 scale mail
rPois   .          Reflect  .   (no helmet)
rElec   .          Harm     .   (no cloak)
rCorr   .          Rampage  .   (no gloves)
Will    .....                   (no boots)
Stlth   ..........              (no amulet)
HPRegen 0.09/turn               (no ring)
MPRegen 0.08/turn               (no ring)

@: mighty
A: large bone plates 1, spiny 1
a: no special abilities


You were on level 2 of the Dungeon.
You visited 1 branch of the dungeon, and saw 2 of its levels.

You collected 28 gold pieces.

Inventory:

Hand Weapons
 a - a +0 trident (weapon)
Armour
 b - a +0 scale mail (worn)
 c - a +0 buckler (worn)
Scrolls
 e - a scroll of enchant weapon {unknown}
Potions
 f - 2 potions of curing {unknown}


   Skills:
 + Level 3.2 Fighting
 * Level 2.6 Polearms
 + Level 2.9 Armour
 + Level 1.0 Dodging
 + Level 2.9 Shields


You had 2 spell levels left.
You didn't know any spells.
Your spell library was empty.

Dungeon Overview and Level Annotations

Branches:
Dungeon (2/15)

Altars:
Xom

Shops:
D:1 =


Innate Abilities, Weirdness & Mutations

You are partially covered in large bone plates. (SH +4)
You are partially covered in sharp spines.


Message History

You puncture the gnoll!
You kill the gnoll!
The gnoll closely misses you. You block the gnoll's attack. x2
Your Dodging skill increases to level 1!
There are monsters nearby!
You hit the gnoll.
The gnoll is moderately wounded.
The gnoll hits you with a +0 whip. You block the gnoll's attack.
The gnoll barely misses you.
Unknown command.
You hit the gnoll but do no damage.
The gnoll is moderately wounded.
You block the gnoll's attack. The gnoll hits you with a +0 flail!
The gnoll barely misses you.
There are monsters nearby!
You are too injured to fight recklessly!
Unknown command.
There are monsters nearby!
You are too injured to fight recklessly!
There are monsters nearby!
You are too injured to fight recklessly!
Unknown command.
There are monsters nearby!
You are too injured to fight recklessly!
There are monsters nearby!
The gnoll barely misses you. The gnoll hits you with a +0 whip.
You feel very mighty all of a sudden.
You closely miss the gnoll. The gnoll hits you with a +0 flail.
* * * LOW HITPOINT WARNING * * *
You hit the gnoll.
The gnoll is lightly wounded.
You block the gnoll's attack. The gnoll barely misses you.
You hit the gnoll.
The gnoll is moderately wounded.
The gnoll hits you from afar with a +0 halberd.
* * * LOW HITPOINT WARNING * * *
The gnoll is struck by your spines. The gnoll barely misses you.
The gnoll hits you from afar with a +0 halberd.
You die...

. #. #.###.###
........# #..!....##
#........# #...).# #..#
.####..###############
...........ggg@.......#
..####..#############.#
.....# #.# .......# #.#
.####..# #.# #..# #.#
#..# #######.#### ...
...........#
#########..#


You could see 3 gnolls.

Vanquished Creatures
  A gnoll (D:2)
  2 dart slugs (D:1)
  A ball python (D:1)
  5 endoplasms
  3 giant cockroaches (D:1)
  4 goblins
  4 hobgoblins
  A quokka (D:1)
  5 frilled lizards
  A kobold (D:1)
  4 rats (D:1)
31 creatures vanquished.

Notes
Turn   | Place    | Note
-------+----------+-------------------------------------------
     0 | D:1      | Sin92 the Demonspawn Fighter began the quest for the Orb.
     0 | D:1      | Reached XP level 1. HP: 18/18 MP: 1/1
   292 | D:1      | Gained mutation: You are partially covered in large bone
                  | plates. (SH +4) [demonic ancestry]
   292 | D:1      | Reached XP level 2. HP: 24/24 MP: 2/2
   414 | D:1      | Found Gyeschit's Jewellery Shoppe.
   794 | D:1      | Gained mutation: You are partially covered in sharp spines.
                  | [demonic ancestry]
   794 | D:1      | Reached XP level 3. HP: 29/29 MP: 3/3
   988 | D:2      | Found a shimmering altar of Xom.
  1029 | D:2      | Reached skill level 1 in Dodging
  1042 | D:2      | HP: 1/29 [gnoll/+0 halberd (6)]
  1042 | D:2      | Slain by a gnoll

Illustrated notes

Levels and vault maps discovered:
D:1:      dpeg_arrival_three_same_balls, layout_basic, serial_shops, shop
D:2:      layout_loops_ring, basic_altar, chequers_ecumenical_altar_lobes

Skill      XL: |  1  2  3 |
---------------+----------+-----
Polearms       | 2 |  2.6
Dodging        | 1 |  1.0
Fighting       | |  3.2
Armour         | |  2.9
Shields        | |  2.9

Action                   || total
-------------------------++-------
Melee: Trident           ||    76
  Use: Potion            ||     1
Armor: Scale mail        ||    14
Dodge: Dodged            ||    18
Block: Buckler           ||    21
